 Dungeon Sprint DCSS version 0.28.0-45-g0d030f2227 (webtiles) character file.

Game seed: 8305407212976511534

65878 McKennaii the Stormcaller (level 14, -6/193 HPs)
             Began as a Demigod Air Elementalist on Apr 18, 2022.
             Mangled by a cyan very ugly thing (12 damage)
             ... in the Dungeon (Sprint IX: "|||||||||||||||||||||||||||||").
             The game lasted 00:20:57 (7621 turns).

McKennaii the Stormcaller (DgAE)                    Turns: 7621, Time: 00:20:58

Health: -6/193     AC: 19    Str:  9    XL:     14   Next: 38%
Magic:  19/51      EV: 14    Int: 44    God:
Gold:   1541       SH:  5    Dex: 14    Spells: 34/49 levels left

rFire   . . .      SeeInvis .   v - +6 scimitar (holy)
rCold   . . .      Faith    .   a - +0 buckler
rNeg    . . .      Spirit   .   c - +0 acid dragon scales
rPois   .          Reflect  .   u - +3 hat of Pondering {ponderous, Will+ MP+10 Int+5}
rElec   .          Harm     .   m - +0 cloak
rCorr   +          Rampage  .   k - +2 pair of gloves
Will    ++...      NoTele   +   l - +0 pair of boots
Stlth   ..........              (no amulet)
HPRegen 0.42/turn               n - +3 ring of intelligence
MPRegen 0.32/turn               o - +3 ring of intelligence

@: berserking, very quick
A: high MP 1, forlorn, divine attributes
a: no special abilities


You were in the Dungeon.
You visited 1 branch You collected 1892 gold pieces.
You spent 351 gold pieces at shops.

Inventory:

Hand Weapons
 v - a +6 scimitar of holy wrath (weapon)
Armour
 a - a +0 buckler (worn)
 c - +0 acid dragon scales (worn)
 k - a +2 pair of gloves (worn)
 l - a +0 pair of boots (worn)
 m - a +0 cloak (worn)
 u - the +3 hat of Pondering (worn) {ponderous, Will+ MP+10 Int+5}
   (You took it off Gastronok in the Dungeon)

   Int:       It affects your intelligence (+5).
   MP:        It affects your magic capacity (+10).
   Will:      It increases your willpower.
Jewellery
 n - a +3 ring of intelligence (left hand)
 o - a +3 ring of intelligence (right hand)
 x - a ring of fire
 y - a ring of poison resistance
 z - a ring of see invisible
Wands
 j - a wand of iceblast (12)
Scrolls
 i - 2 scrolls of amnesia
 q - 4 scrolls of enchant weapon
 s - 2 scrolls of fog
 t - a scroll of holy word
 C - 2 scrolls of identify
Potions
 b - 4 potions of curing
 d - 3 potions of haste
 e - 3 potions of magic
 f - a potion of berserk rage
 h - a potion of invisibility
 w - a potion of flight {unknown}
 A - 2 potions of brilliance
 B - a potion of resistance


   Skills:
 + Level 13.4 Fighting
 - Level 6.0 Long Blades
 + Level 13.4 Armour
 - Level 8.4 Dodging
 - Level 1.7 Stealth
 - Level 4.0 Shields
 + Level 18.1 Spellcasting
 + Level 19.5 Conjurations
 + Level 19.6 Air Magic


You had 34 spell levels left.
You knew the following spells:

 Your Spells              Type           Power      Damage    Failure   Level
a - Shock                 Conj/Air       100%       1d9       0%          1
b - Swiftness             Air            100%       N/A       0%          3
c - Static Discharge      Conj/Air       100%       N/A       0%          2
d - Airstrike             Air            59%        N/A       0%          4
e - Lightning Bolt        Conj/Air       59%        1d82      0%          5

Your spell library contained the following spells:

 Spells                   Type           Power      Damage    Failure   Level
 Summon Lightning Spire   Summ/Air       90%        N/A       1%          4


Dungeon Overview and Level Annotations

Branches:
Dungeon (1/1)

Shops:
D *((*


Innate Abilities, Weirdness & Mutations

You have an increased reservoir of magic. (+10% MP)
You shall have no god before yourself.
Your divine heritage dramatically boosts your attributes as you level up.


Message History

The cyan very ugly thing is moderately wounded.
The cyan very ugly thing tail-slaps you!!
The cyan very ugly thing shocks you!!
Unknown command.
Casting: Airstrike (safe; 0% risk of failure)
Confirm with . or Enter, or press ? or * to list all spells.
Aiming: Airstrike (safe; 0% risk of failure)
Press: ? - help, Dir - move target, f/p - cyan very ugly thing
Aim: a cyan very ugly thing (moderately wounded, empty space bonus: 1/8)
The air twists around and strikes the cyan very ugly thing!
The cyan very ugly thing is heavily wounded.
The cyan very ugly thing barely misses you.
Unknown command.
Unknown command.
Casting: Airstrike (safe; 0% risk of failure)
Confirm with . or Enter, or press ? or * to list all spells.
Aiming: Airstrike (safe; 0% risk of failure)
Press: ? - help, Dir - move target, f/p - cyan very ugly thing
Aim: a cyan very ugly thing (heavily wounded, empty space bonus: 1/8)
The air twists around and strikes the cyan very ugly thing!
The cyan very ugly thing is heavily wounded.
The cyan very ugly thing tail-slaps you!
The cyan very ugly thing shocks you!!
* * * LOW HITPOINT WARNING * * *
Unknown command.
A red film seems to cover your vision as you go berserk!
You feel yourself moving faster!
You feel mighty!
The cyan very ugly thing tail-slaps you!
* * * LOW HITPOINT WARNING * * *
The cyan very ugly thing shocks you!!
* * * LOW HITPOINT WARNING * * *
You slice the cyan very ugly thing!!
The cyan very ugly thing is almost dead.
You closely miss the cyan very ugly thing.
The cyan very ugly thing is almost dead.
The cyan very ugly thing tail-slaps you but does no damage.
You barely miss the cyan very ugly thing.
The cyan very ugly thing is almost dead.
The cyan very ugly thing tail-slaps you!
You die...

▓▓▓▓▓▓▓▓▓▓▓▓▓▓▓▓▓▓▓▓▓▓▓▓▓▓▓▓▓▓▓▓▓
......Y.)')..)(..).)....)(..'.††)
▓▓▓▓▓▓▓▓▓▓▓▓▓▓▓▓▓▓▓▓▓▓▓▓▓▓▓▓▓▓▓▓▓
.).)...........u@................
▓▓▓▓▓▓▓♣♣♣♣♣♣♣♣♣♣▓▓▓▓▓▓▓▓▓▓▓▓▓▓▓▓
.......)[.......)').)).....†)...)
▓▓▓▓▓▓▓♣♣♣♣♣♣♣♣♣♣▓▓▓▓▓▓▓▓▓▓▓▓▓▓▓▓
.................................
▓▓▓▓▓▓▓▓▓▓▓▓▓▓▓▓▓▓▓▓▓▓▓▓▓▓▓▓▓▓▓▓▓
.'...=.)))))))).[[[[[[[[.........
▓▓▓▓▓▓▓▓▓▓▓▓▓▓▓▓▓▓▓▓▓▓▓▓▓▓▓▓▓▓▓▓▓
.................................


You could see a cyan very ugly thing.

Vanquished Creatures
  Saint Roka (D)
  A lich (D)
  Gastronok (D)
  A fire giant (D)
  A frost giant (D)
  A vault warden (D)
  A broodmother (D)
  2 very ugly things (D)
  A vampire knight (D)
  2 stone giants (D)
  Azrael (D)
  2 spark wasps (D)
  A bunyip (D)
  An entropy weaver (D)
  3 dire elephants (D)
  A fire dragon (D)
  Snorg (D)
  A merfolk impaler (D)
  An ettin (D)
  2 great orbs of eyes (D)
  A naga warrior (D)
  2 hydras (D)
  4 centaur warriors (D)
  An alligator snapping turtle (D)
  A death knight (D)
  2 two-headed ogres (D)
  2 anacondas (D)
  4 deep troll earth magi (D)
  An alligator (D)
  3 tengu warriors (D)
  4 death yaks (D)
  3 deep troll shamans (D)
  Urug (D)
  6 orc high priests (D)
  A shock serpent (D)
  A pharaoh ant (D)
  3 sea snakes (D)
  A spriggan druid (D)
  4 swamp dragons (D)
  A deep elf pyromancer (D)
  11 orc knights (D)
  A harpy (D)
  An ironbound convoker (D)
  A necromancer (D)
  3 lindwurms (D)
  A wizard (D)
  A manticore (D)
  2 cyclopes (D)
  A moth of wrath (D)
  An ugly thing (D)
  4 vault sentinels (D)
  A merfolk siren (D)
  4 black mambas (D)
  2 naga magi (D)
  A komodo dragon (D)
  2 demonic crawlers (D)
  A tengu conjurer (D)
  A polar bear (D)
  A bloated husk (D)
  A meliai (D)
  A snapping turtle (D)
  2 tarantellas (D)
  A slime creature (D)
  8 yaks (D)
  3 basilisks (D)
  A water elemental (D)
  A naga (D)
  5 hell hounds (D)
  An acid dragon (D)
  5 water moccasins (D)
  A floating eye (D)
  10 orc warriors (D)
  A wolf (D)
  A gnoll sergeant (D)
  2 bullfrogs (D)
  A scorpion (D)
  3 orc priests (D)
  5 orc wizards (D)
  An adder zombie (D)
  An adder skeleton (D)
  11 orcs (D)
  A ball python (D)
  A goblin (D)
  A kobold (D)
  A ball python zombie (D)
  A frilled lizard (D)
  A giant cockroach zombie (D)
  A rat (D)
185 creatures vanquished.

Notes
Turn   | Place    | Note
-------+----------+-------------------------------------------
     0 | D        | McKennaii the Demigod Air Elementalist began the quest for
                  | the Orb.
     0 | D        | Reached XP level 1. HP: 14/14 MP: 5/5
     5 | D        | Reached skill level 1 in Conjurations
    45 | D        | Noticed a scorpion
    51 | D        | Reached XP level 2. HP: 20/20 MP: 1/7
    62 | D        | Killed a scorpion
    63 | D        | Reached skill level 5 in Air Magic
    63 | D        | Reached XP level 3. HP: 20/26 MP: 0/10
   157 | D        | Learned a level 3 spell: Swiftness
   160 | D        | Learned a level 2 spell: Static Discharge
   261 | D        | Noticed a yak
   261 | D        | Noticed a two-headed ogre
   261 | D        | Noticed a yak
   261 | D        | Noticed a gnoll sergeant
   261 | D        | Noticed a two-headed ogre
   310 | D        | Killed a yak
   311 | D        | Reached XP level 4. HP: 32/33 MP: 0/13
   311 | D        | Reached XP level 5. HP: 37/38 MP: 0/15
   321 | D        | Killed a two-headed ogre
   322 | D        | Reached skill level 10 in Air Magic
   322 | D        | Reached XP level 6. HP: 3/45 MP: 8/19
   322 | D        | Reached XP level 7. HP: 3/50 MP: 8/20
   325 | D        | Killed a yak
   326 | D        | Reached skill level 10 in Conjurations
   330 | D        | Killed a two-headed ogre
   331 | D        | Reached XP level 8. HP: 14/57 MP: 4/23
   640 | D        | Learned a level 4 spell: Airstrike
   644 | D        | Noticed a centaur warrior
   644 | D        | Noticed a centaur warrior
   644 | D        | Noticed a cyclops
   644 | D        | Noticed a cyclops
   644 | D        | Noticed a manticore
   659 | D        | Killed a cyclops
   659 | D        | HP: 1/57 [centaur warrior (2)]
   667 | D        | Killed a centaur warrior
   668 | D        | Reached XP level 9. HP: 11/70 MP: 8/25
   668 | D        | Killed a manticore
   670 | D        | Reached skill level 5 in Dodging
   670 | D        | Killed a centaur warrior
   670 | D        | Killed a cyclops
   671 | D        | Reached skill level 5 in Fighting
   671 | D        | Reached skill level 5 in Armour
  1199 | D        | Learned a level 5 spell: Lightning Bolt
  1246 | D        | Reached XP level 10. HP: 76/84 MP: 10/28
  1408 | D        | Noticed a black mamba
  1408 | D        | Noticed a black mamba
  1409 | D        | Killed a black mamba
  1410 | D        | Reached skill level 10 in Spellcasting
  1411 | D        | Noticed a six-headed hydra
  1417 | D        | Killed a black mamba
  1434 | D        | Killed a six-headed hydra
  1801 | D        | Noticed a death yak
  1801 | D        | Noticed a death yak
  1802 | D        | Noticed a death yak
  1804 | D        | Killed a death yak
  1804 | D        | Killed a death yak
  1804 | D        | Noticed a death yak
  1807 | D        | Killed a death yak
  1808 | D        | Reached XP level 11. HP: 84/94 MP: 0/31
  1855 | D        | Killed a death yak
  2126 | D        | Noticed Urug
  2128 | D        | Killed Urug
  2468 | D        | Noticed an orc knight
  2469 | D        | Noticed an orc high priest
  2470 | D        | Killed an orc knight
  2470 | D        | Killed an orc high priest
  2471 | D        | Noticed an orc knight
  2473 | D        | Killed an orc knight
  2718 | D        | Found Kikhio Eriu's General Store.
  2718 | D        | Noticed an orc high priest
  2718 | D        | Noticed an orc knight
  2718 | D        | Noticed an orc knight
  2718 | D        | Noticed an orc knight
  2718 | D        | Noticed an orc high priest
  2720 | D        | Killed an orc high priest
  2720 | D        | Noticed an orc high priest
  2721 | D        | Killed an orc knight
  2721 | D        | Killed an orc knight
  2722 | D        | Killed an orc high priest
  2722 | D        | Killed an orc knight
  2722 | D        | Noticed an orc knight
  2724 | D        | Killed an orc knight
  2724 | D        | Noticed an orc knight
  2725 | D        | Noticed a soul eater
  2778 | D        | Killed an orc high priest
  2914 | D        | Killed an orc knight
  3111 | D        | Noticed an orc knight
  3115 | D        | Killed an orc knight
  3128 | D        | Noticed an orc high priest
  3129 | D        | Killed an orc high priest
  3130 | D        | Reached skill level 15 in Air Magic
  3133 | D        | Noticed an orc knight
  3136 | D        | Killed an orc knight
  3137 | D        | Reached XP level 12. HP: 92/101 MP: 8/34
  3153 | D        | Reached skill level 15 in Conjurations
  3363 | D        | Found Peac's Weapon Shoppe.
  3367 | D        | Found Puikhlic's Weapon Emporium.
  3371 | D        | Found Gogh's Assorted Antiques.
  3376 | D        | Bought a scroll of blinking for 97 gold pieces
  3382 | D        | Bought a potion of heal wounds for 95 gold pieces
  3382 | D        | Bought a pair of glowing gloves for 142 gold pieces
  3382 | D        | Bought a metallic amethyst potion for 17 gold pieces
  3416 | D        | Noticed Gastronok
  3420 | D        | Killed Gastronok
  3660 | D        | Noticed a centaur warrior
  3660 | D        | Noticed a death knight
  3661 | D        | Noticed a centaur warrior
  3662 | D        | Killed a centaur warrior
  3662 | D        | Killed a centaur warrior
  3663 | D        | Noticed a lich
  3665 | D        | Killed a death knight
  3667 | D        | Killed a lich
  3668 | D        | Reached skill level 15 in Spellcasting
  3843 | D        | Noticed a frost giant
  3846 | D        | Killed a frost giant
  3913 | D        | Noticed a white very ugly thing
  3913 | D        | Noticed a fire giant
  3915 | D        | Noticed a great orb of eyes
  3916 | D        | Killed a white very ugly thing
  3917 | D        | Killed a fire giant
  3917 | D        | Killed a great orb of eyes
  4054 | D        | Noticed Snorg
  4057 | D        | Killed Snorg
  4148 | D        | Noticed a bunyip
  4148 | D        | Noticed a six-headed hydra
  4152 | D        | Killed a six-headed hydra
  4153 | D        | Reached XP level 13. HP: 61/111 MP: 32/38
  4155 | D        | Killed a bunyip
  4404 | D        | Reached skill level 10 in Fighting
  4405 | D        | Reached skill level 10 in Armour
  4916 | D        | Noticed a broodmother
  4916 | D        | Noticed a spark wasp
  4920 | D        | Killed a broodmother
  4925 | D        | HP: 4/116 [spark wasp (17)]
  5410 | D        | Killed a spark wasp
  5639 | D        | Noticed Azrael
  5644 | D        | Killed Azrael
  5838 | D        | Noticed Saint Roka
  5847 | D        | Killed Saint Roka
  5998 | D        | Noticed a stone giant
  6000 | D        | Killed a stone giant
  6001 | D        | Reached skill level 5 in Long Blades
  6016 | D        | Reached XP level 14. HP: 110/126 MP: 0/40
  6403 | D        | HP: 4/126 [spark wasp/living lightning (21)]
  7057 | D        | Noticed a vault warden
  7060 | D        | Killed a vault warden
  7618 | D        | HP: 5/193 [cyan very ugly thing (23)]
  7621 | D        | Mangled by a cyan very ugly thing

Illustrated notes

Levels and vault maps discovered:
D:        linesprint [early_d, line_temple, items_1, d_10, items_2, lair_1,
          lair_end, items_3, orc_1, orc_end, items_4, d_15, swamp_1, shoals_1,
          snake_1, spider_1, d_20, vaults_1, items_5, swamp_end, shoals_end,
          snake_end, spider_end, vaults_end, d_27, items_6, zot_1, zot_end,
          crypt_end, forest_end, elf_end, slime_end, tomb_end, abyss_end,
          pan_hell_end]

Skill      XL: |  1  2  3  4  5  6  7  8  9 10 11 12 13 14 |
---------------+-------------------------------------------+-----
Spellcasting   | 2 3 4 6 7 8 9 11 13 16 17 18 | 18.1
Conjurations   | 2 4 6 9 11 12 14 17 18 19 | 19.5
Air Magic      | 3 5 7 10 11 12 15 17 18 19 | 19.6
Fighting       | 3 6 8 9 12 13 | 13.4
Armour         | 3 6 8 9 12 13 | 13.4
Dodging        | 4 6 8 |  8.4
Shields        | 3 4 |  4.0
Long Blades    | 5 6 |  6.0
Stealth        | |  1.7

Action                   |  1- 3 |  4- 6 |  7- 9 | 10-12 | 13-15 || total
-------------------------+-------+-------+-------+-------+-------++-------
Melee: Dagger            |    10 |       |       |       |       ||    10
       Scimitar          |       |     3 |       |    14 |    14 ||    31
 Cast: Shock             |    16 |     5 |    28 |       |       ||    49
       Static Discharge  |     2 |     1 |       |     1 |       ||     4
       Swiftness         |     1 |       |     4 |     3 |     2 ||    10
       Lightning Bolt    |       |       |     2 |    90 |   109 ||   201
       Airstrike         |       |       |     1 |       |    33 ||    34
Evoke: Wand              |       |       |     1 |     3 |     2 ||     6
  Use: Potion            |     1 |     1 |     6 |       |     4 ||    12
       Scroll            |       |     1 |     1 |       |     6 ||     8
Armor: Robe              |     4 |       |       |       |       ||     4
       Ring mail         |       |       |    19 |       |       ||    19
       Acid dragon scale |       |       |     2 |    10 |    17 ||    29
Dodge: Dodged            |     8 |     4 |    26 |    19 |    32 ||    89
Block: Buckler           |       |       |       |     7 |    21 ||    28
